 Dungeon Crawl Stone Soup version 0.25.0-65-g31bcc41 (webtiles) character file.

304 Dorkslayer the Skirmisher (level 6, -6/40 HPs)
             Began as a Gargoyle Fighter on Nov 8, 2020.
             Mangled by an ogre
             ... wielding a +0 giant spiked club
              (24 damage)
             ... on level 1 of the Dungeon.
             The game lasted 00:00:40 (147 turns).

Dorkslayer the Skirmisher (Gargoyle Fighter)         Turns: 147, Time: 00:00:40

Health: -6/40      AC: 12    Str: 26    XL:     6   Next: 38%
Magic:  6/6        EV:  8    Int:  9    God:
Gold:   50         SH: 10    Dex:  9    Spells: 5/5 levels left

rFire    . . .     SeeInvis .   a - +0 flail
rCold    . . .     Gourm    .   c - +0 shield
rNeg     + . .     Faith    .   b - +0 scale mail
rPois    ∞         Spirit   .   (no helmet)
rElec    +         Reflect  .   (no cloak)
rCorr    .         Harm     .   j - +0 pair of gloves
MR       .....                  (no boots)
Stlth    ..........             (no amulet)
HPRegen  0.13/turn              (no ring)
MPRegen  0.10/turn              (no ring)

@: mighty
A: negative energy resistance 1, electricity resistance, unbreathing,
petrification resistance, rot immunity, AC +4
a: no special abilities


You were on level 1 of the Dungeon.
You were not hungry.

You visited 1 branch of the dungeon, and saw 1 of its levels.

You collected 50 gold pieces.

Inventory:

Hand Weapons
 a - a +0 flail (weapon)
Armour
 b - a +0 scale mail (worn)
 c - a +0 shield (worn)
 j - a +0 pair of gloves (worn)
Scrolls
 e - a scroll of teleportation {unknown}
 g - a scroll of noise {unknown}
 h - a scroll of fear {unknown}
 i - a scroll of fog {unknown}
 k - a scroll of amnesia {unknown}
 m - a scroll of identify {unknown}
Potions
 d - a potion of might
 l - a potion of degeneration {unknown}
 n - a potion of heal wounds {unknown}
Comestibles
 f - 2 rations


   Skills:
 + Level 4.8 Fighting
 + Level 3.3 Maces & Flails
 + Level 4.8 Armour
 + Level 4.8 Shields


You had 5 spell levels left.
You didn't know any spells.
Your spell library was empty.

Dungeon Overview and Level Annotations

Branches:
Dungeon (1/3)
 Temple: D:1

Altars:
Elyvilon
Uskayaw


Innate Abilities, Weirdness & Mutations

You are resistant to torment.
Your stone body is resilient. (AC +4)
You are immune to poison.
You resist negative energy. (rN+)
You are resistant to electric shocks. (rElec)
You can survive without breathing.
You are immune to petrification.
You are immune to rotting.


Message History

l - a glowing cyan potion
m - a scroll labeled ONLAOCSICHI You see here a ring mail.
n - a purple potion
Found a hide-covered altar of Uskayaw.
An ogre comes into view. It is wielding a +0 giant spiked club.
The ogre shouts!
You feel very mighty all of a sudden.
You sock the ogre!
The ogre is moderately wounded.
You block the ogre's attack.
You barely miss the ogre.
The ogre is moderately wounded.
The ogre hits you with a +0 giant spiked club!!
Ouch! That really hurt!
You sock the ogre!
The ogre is almost dead.
The ogre hits you with a +0 giant spiked club!!
Ouch! That really hurt!
You die...

..######.......>...
..########......#.#
.......##..##.#.#.## #
..)..)....###(#.... ..
.......#####.....## .##
....[............# ....
.......#.........# .....
#.#........[....[#......
#.##.###....[...@O..._..
......##.........#......
..###.##.........# .....
#.. .##.........# ....
#.. ..........#.# .##
#.# #.##.#####..... .. #
#.# #.#.... # ..#
#...#.. ..


You could see an ogre.

Vanquished Creatures
  A crimson imp (D:1)
  A bullfrog skeleton (D:1)
2 creatures vanquished.

Notes
Turn   | Place    | Note
-------+----------+-------------------------------------------
     0 | D:1      | Dorkslayer the Gargoyle Fighter began the quest for the
                  | Orb.
     0 | D:1      | Reached XP level 1. HP: 14/14 MP: 1/1
    11 | D:1      | Reached XP level 2. HP: 20/20 MP: 2/2
    11 | D:1      | Reached XP level 3. HP: 24/24 MP: 3/3
    11 | D:1      | Reached XP level 4. HP: 29/29 MP: 4/4
    11 | D:1      | Reached XP level 5. HP: 33/33 MP: 5/5
    30 | D:1      | Reached XP level 6. HP: 38/40 MP: 6/6
    43 | D:1      | Found a white marble altar of Elyvilon.
   139 | D:1      | Found a hide-covered altar of Uskayaw.
   147 | D:1      | Mangled by an ogre

Skill      XL: |  1  2  3  4  5 |
---------------+----------------+-----
Fighting       | 4 |  4.8
Armour         | 4 |  4.8
Shields        | 4 |  4.8
Maces & Flails | 3 |  3.3

Action                   |  1- 3 |  4- 6 || total
-------------------------+-------+-------++-------
Melee: Flail             |     5 |    14 ||    19
  Use: Potion            |       |     1 ||     1
Armor: Scale mail        |     2 |     5 ||     7
Dodge: Dodged            |     1 |     2 ||     3
Block: Shield            |     4 |     3 ||     7
